[Event "Team 45 45 League T32"]
[Site "Internet Chess Club"]
[Date "2007.02.18"]
[Round "5"]
[White "Silenita"]
[Black "Hazy"]
[Result "1/2-1/2"]
[WhiteElo "1827"]
[BlackElo "1925"]
[ECO "A45"]
[TimeControl "2700+45"]

1. d4 Nf6 2. c3 e6 3. Bg5 h6 4. Bh4 c5 5. e3 cxd4 6. exd4 Qb6 7. Qb3 Qxb3 8.
axb3 Be7 9. Nd2 b6 10. Bd3 Bb7 11. Ngf3 O-O 12. O-O d6 13. Rfe1 Nbd7 14. Ne4 g5
15. Nxf6+ Nxf6 16. Bg3 Nh5 17. Nd2 Nxg3 18. hxg3 Rfe8 19. b4 d5 20. Ba6 Rab8 21.
b5 Ba8 22. f4 Bd6 23. Rf1 Kg7 24. Rf2 f6 25. Re1 Re7 26. b3 Rbe8 27. Nf1 e5 28.
fxe5 fxe5 29. dxe5 Bxe5 30. Rc1 d4 31. c4 d3 32. Rd2 Bd4+ 33. Kh2 Re2 34. Rxd3
Bxg2 35. Rxd4 Bxf1+ 36. Kg1 Bh3 37. Bb7 R8e3 38. b4 Rxg3+ 39. Kh1 Rb2 40. c5
Bg2+ 41. Bxg2 Rgxg2 42. c6 Rh2+ 43. Kg1 Rbg2+ 44. Kf1 Rb2 45. Kg1 Rbg2+ 46. Kf1
Rb2 47. Kg1 {Game drawn by repetition} 1/2-1/2

[Event "Team 45 45 League T32"]
[Site "Internet Chess Club"]
[Date "2007.02.19"]
[Round "5"]
[White "HKNIGHT"]
[Black "HoHo"]
[Result "1/2-1/2"]
[WhiteElo "1602"]
[BlackElo "1739"]
[ECO "A45"]
[TimeControl "2700+45"]

1. d4 Nf6 2. e3 g6 3. Bd3 Bg7 4. c3 d6 5. Nf3 Nbd7 6. O-O O-O 7. e4 e5 8. Nbd2
Qe7 9. a4 c6 10. b3 Re8 11. Re1 Qd8 12. Nc4 Qc7 13. Rb1 d5 14. Ncd2 exd4 15.
cxd4 dxe4 16. Nxe4 Nxe4 17. Rxe4 Rxe4 18. Bxe4 Nf6 19. Bd3 Be6 20. Be3 Nd5 21.
Bd2 Rd8 22. b4 Ne7 23. Rc1 Bxd4 24. Nxd4 Rxd4 25. Bc3 Rd7 26. Qe2 Qd8 27. Qe5
Kf8 28. Qg7+ Ke8 29. Qh8+ Ng8 30. Qxg8+ Ke7 31. Bf6+ Kxf6 32. Qxd8+ Rxd8 33. Be2
Rd2 34. Bf3 Rd6 35. h3 Ke7 36. b5 Bd5 37. Bxd5 cxd5 38. a5 d4 39. Kf1 Rd7 40.
Ke2 d3+ 41. Kd2 Ke6 42. Rc3 Ke5 43. g4 Ke4 44. b6 axb6 45. axb6 Ke5 46. Rc5+ Ke6
47. f4 Rd6 48. f5+ gxf5 49. Rxf5 Rxb6 50. Rh5 Ke7 51. Rxh7 Rb3 52. g5 Kf8 53.
Rh8+ Kg7 54. Rd8 Kg6 55. Rg8+ Kh5 56. Rg7 Rb6 57. Rxf7 Kxg5 58. Kxd3 Kg6 59. Rc7
Rb1 60. Kc2 Rb5 61. Kc3 b6 62. Rc4 Kf7 63. h4 Rc5 64. Rxc5 bxc5 65. Kc4 Kg6 66.
Kxc5 Kh5 67. Kd5 Kxh4 {Game drawn because neither player has mating material}
1/2-1/2

[Event "Team 45 45 League T32"]
[Site "Internet Chess Club"]
[Date "2007.02.17"]
[Round "5"]
[White "chiiwen"]
[Black "isolani"]
[Result "1/2-1/2"]
[WhiteElo "1877"]
[BlackElo "1661"]
[ECO "B07"]
[TimeControl "2700+45"]

1. e4 d6 2. d4 Nf6 3. Nc3 c6 4. Nf3 Nbd7 5. Bg5 e5 6. dxe5 dxe5 7. Bxf6 Qxf6 8.
a3 Nc5 9. Qd2 Be7 10. Be2 Bd7 11. b4 Ne6 12. O-O Rd8 13. Qe3 Nd4 14. Rac1 Bg4
15. Ne1 Nxe2+ 16. Nxe2 O-O 17. f3 Be6 18. Nd3 b6 19. Kh1 Bc4 20. Nb2 Bxe2 21.
Qxe2 Rd4 22. c3 Rd7 23. Rcd1 Rfd8 24. Rxd7 Rxd7 25. Rd1 Qe6 26. Rxd7 Qxd7 27.
Qd3 Qd6 28. Qxd6 Bxd6 29. Nc4 Bc7 30. Kg1 b5 31. Ne3 Bb6 32. Kf2 c5 33. Ke2 c4
34. Nd5 Bd8 35. h3 g6 36. Kd2 f5 37. g3 Kf7 38. Ne3 Bg5 39. h4 Bxe3+ 40. Kxe3
fxe4 41. Kxe4 Ke6 42. g4 h6 43. Ke3 g5 44. hxg5 hxg5 45. Ke4 a6 46. Ke3 Kd5 47.
Ke2 e4 48. Ke3 exf3 49. Kxf3 Ke5 50. Ke3 Kd5 {Game drawn by mutual agreement}
1/2-1/2

[Event "Team 45 45 League T32"]
[Site "Internet Chess Club"]
[Date "2007.02.19"]
[Round "5"]
[White "rss"]
[Black "room-matt"]
[Result "1/2-1/2"]
[WhiteElo "1758"]
[BlackElo "1837"]
[ECO "A05"]
[TimeControl "2700+45"]

1. Nf3 Nf6 2. g3 g6 3. Bg2 Bg7 4. d3 d5 5. Nbd2 d4 6. O-O O-O 7. b3 Nc6 8. a4
Nd5 9. Bb2 e5 10. Nc4 Be6 11. Rb1 a6 12. e4 Nc3 13. Bxc3 dxc3 14. Qe1 b5 15. Ne3
b4 16. Nc4 Nd4 17. Nxd4 Qxd4 18. Qe3 Rad8 19. Rbd1 Bxc4 20. Qxd4 Rxd4 21. dxc4
Rfd8 22. Bf3 c5 23. Rxd4 Rxd4 24. Rd1 f5 25. exf5 gxf5 26. Be2 e4 27. Kf1 Bh6
28. f4 Bg7 29. Kf2 Kf7 30. h3 Ke6 31. Ke3 Rxd1 32. Bxd1 Bd4+ 33. Ke2 h5 34. h4
Kf6 35. Kf1 Kg6 36. Kg2 Be3 37. Be2 {Game drawn by mutual agreement} 1/2-1/2

[Event "Team 45 45 League T32"]
[Site "Internet Chess Club"]
[Date "2007.02.18"]
[Round "5"]
[White "burnsja2003"]
[Black "Electryon"]
[Result "0-1"]
[WhiteElo "1793"]
[BlackElo "1745"]
[ECO "D60"]
[TimeControl "2700+45"]

1. d4 d5 2. c4 e6 3. Nc3 Be7 4. Nf3 Nf6 5. Bg5 Nbd7 6. e3 O-O 7. Bd3 dxc4 8.
Bxc4 c5 9. O-O cxd4 10. exd4 b6 11. Bf4 Bb7 12. Re1 Rc8 13. Bb3 Re8 14. Bc2 Nd5
15. Qd3 N7f6 16. Be5 g6 17. Ng5 Nxc3 18. Bxf6 Qd5 19. Nf3 Bxf6 20. bxc3 Qc6 21.
Bb3 Qxc3 22. Qxc3 Rxc3 23. d5 Rd3 24. Rad1 Rxd1 25. Rxd1 Bxd5 26. Bxd5 exd5 27.
Kf1 Rd8 28. Ke2 d4 29. Kd3 b5 30. Rc1 Rd5 31. Rc7 a5 32. Nd2 Kg7 33. h3 Be5 34.
Rc6 f6 35. Nf3 Bf4 36. Ke4 Rd7 37. Kxf4 d3 38. Nd2 Rd4+ 39. Ke3 Ra4 40. Rd6 Rxa2
41. Rxd3 b4 42. Ne4 a4 43. Rd7+ Kh6 44. Nxf6 b3 45. Rxh7+ Kg5 46. Nd5 b2 47. Rb7
a3 48. Kd3 Ra1 49. Nc3 Rd1+ 50. Ke2 a2 51. Nxa2 b1=Q 52. Rxb1 Rxb1 53. Nc3 Rb2+
54. Ke3 Rb3 55. Kd4 Rb2 56. g3 Kf5 57. f3 g5 58. Nd5 Rh2 59. Ne3+ Kg6 60. Ke4
Rxh3 61. g4 Rh8 62. Nf5 Re8+ 63. Kd3 Re6 64. Kd4 Re1 65. Kd3 Re8 66. Kd4 Kf6 67.
Kd3 Re5 68. Ng3 Re1 69. Kd2 Re8 70. Kd3 Ke5 71. Nh5 Rf8 72. Ke3 Ra8 73. Ke2 Ra3
74. Kf2 Ra2+ 75. Ke3 Rb2 76. Kd3 Rh2 77. Ke3 Rb2 78. Kd3 Rb3+ 79. Ke2 Kd4 80.
Nf6 Rb5 81. Kf2 Rb2+ 82. Kg3 Ke3 83. Ne4 Rb1 84. Nxg5 Rf1 85. Kg2 Rf2+ 86. Kh3
Kf4 87. Ne6+ Kxf3 88. g5 Rf1 89. Kh2 Kg4 90. g6 Rf6 91. g7 Rg6 92. Kh1 Kf5 93.
Nd4+ Kf6 {White resigns} 0-1

[Event "Team 45 45 League T32"]
[Site "Internet Chess Club"]
[Date "2007.02.18"]
[Round "5"]
[White "rubo"]
[Black "jacknor"]
[Result "0-1"]
[WhiteElo "1820"]
[BlackElo "1593"]
[ECO "A02"]
[TimeControl "2700+45"]

1. f4 e5 2. fxe5 d6 3. exd6 Bxd6 4. Nf3 Nc6 5. d4 Nf6 6. Bg5 Bg4 7. Nbd2 Qd7 8.
c3 h6 9. Bxf6 gxf6 10. Ne4 Be7 11. Nc5 Bxc5 12. dxc5 O-O-O 13. Qxd7+ Rxd7 14.
Rd1 Rxd1+ 15. Kxd1 Ne5 16. Ke1 Nc4 17. b4 Re8 18. Nd4 Re3 19. Kf2 Rxc3 20. e4
Nd2 21. Nb3 Nxe4+ 22. Kg1 Be6 23. g3 Bxb3 24. axb3 Rxb3 25. Bh3+ Kd8 26. Kg2 Ng5
27. Rd1+ Ke8 28. Bd7+ Kf8 29. b5 Rb2+ 30. Kg1 Nf3+ 31. Kf1 Nxh2+ 32. Kg1 Nf3+
33. Kf1 Rd2 34. Rxd2 Nxd2+ 35. Kg2 Ne4 36. c6 bxc6 37. Bxc6 Nc5 38. g4 a6 39.
bxa6 Nxa6 40. Kf3 Nc5 41. Ke3 Ke7 42. Bd5 Ne6 43. Ke4 Ng7 44. Kf4 h5 45. gxh5
Nxh5+ 46. Kg4 Ng7 47. Bb3 Ne6 48. Bc4 Nd4 49. Kf4 Nc6 50. Bd5 Ne5 51. Be4 c5 52.
Bf5 c4 53. Ke3 Nc6 54. Kd2 Kd6 55. Kc3 Kc5 56. Bd7 Ne5 57. Bf5 Kd5 58. Bh7 Ke6
59. Bc2 f5 60. Kd4 f4 61. Ke4 f3 62. Ke3 f6 63. Kf2 Kd6 64. Ke3 Kc5 65. Bf5 Kb4
66. Kd2 Kb3 67. Be6 Kb2 68. Ke3 c3 69. Bf5 c2 70. Bxc2 Kxc2 71. Kf2 Kd2 72. Kf1
Ke3 73. Ke1 f2+ 74. Kf1 Nf7 75. Kg2 Ke2 {White resigns} 0-1

[Event "Team 45 45 League T32"]
[Site "Internet Chess Club"]
[Date "2007.02.20"]
[Round "5"]
[White "twintower"]
[Black "Changuito-77"]
[Result "0-1"]
[WhiteElo "1575"]
[BlackElo "1729"]
[ECO "C72"]
[TimeControl "2700+45"]

1. e4 e5 2. Nf3 Nc6 3. Bb5 a6 4. Ba4 d6 5. O-O Bg4 6. Re1 b5 7. Bb3 Nd4 8. c3
Nxf3+ 9. gxf3 Bh3 10. d4 Qf6 11. Kh1 Ne7 12. Rg1 h6 13. Rg3 Bd7 14. Be3 Ng6 15.
Nd2 Qd8 16. Qg1 Be7 17. Bxf7+ Kxf7 18. Rxg6 Qg8 19. Rg2 Rf8 20. f4 exf4 21. Bxf4
g5 22. Re1 Ke8 23. Be3 Bh3 24. Rg3 g4 25. Bxh6 Rxh6 26. e5 Kd8 27. Nf3 Qd5 28.
exd6 Bxd6 29. Rxh3 Rxh3 {White resigns} 0-1

[Event "Team 45 45 League T32"]
[Site "Internet Chess Club"]
[Date "2007.02.20"]
[Round "5"]
[White "fledermaus"]
[Black "camembert"]
[Result "1-0"]
[WhiteElo "1994"]
[BlackElo "1940"]
[ECO "D15"]
[TimeControl "2700+45"]

1. d4 d5 2. c4 c6 3. Nf3 Nf6 4. Nc3 dxc4 5. e4 b5 6. e5 Nd5 7. a4 e6 8. axb5
Nxc3 9. bxc3 cxb5 10. Ng5 Bb7 11. Qh5 g6 12. Qg4 Be7 13. Be2 Qd7 14. O-O h6 15.
Ne4 Na6 16. Bf3 O-O-O 17. Ba3 g5 18. Bxe7 Qxe7 19. Rxa6 Bxa6 20. Nc5 h5 21. Qe4
Rd5 22. Nxa6 g4 23. Be2 f5 24. exf6 Qxf6 25. Nb4 Qf5 26. Qe3 Rd6 27. f3 Qg6 28.
Qe5 Qh6 29. Qxd6 Qe3+ 30. Rf2 {Black resigns} 1-0

[Event "Team 45 45 League T32"]
[Site "Internet Chess Club"]
[Date "2007.02.18"]
[Round "5"]
[White "qs16"]
[Black "Flying-Tiger"]
[Result "1-0"]
[WhiteElo "1828"]
[BlackElo "1926"]
[ECO "A45"]
[TimeControl "2700+45"]

1. d4 Nf6 2. e3 e6 3. Bd3 d5 4. Nd2 c5 5. c3 Nc6 6. f4 g6 7. Ngf3 cxd4 8. exd4
Bg7 9. O-O O-O 10. Ne5 Nd7 11. Qg4 f5 12. Qe2 Ndxe5 13. fxe5 Bh6 14. Nf3 Bxc1
15. Raxc1 Bd7 16. Qd2 Kg7 17. Qf4 h6 18. h4 Rb8 19. Rc2 b5 20. g4 a6 21. Rg2 Ne7
22. h5 g5 23. Nxg5 hxg5 24. Qxg5+ Kh7 25. gxf5 Rg8 26. fxe6+ {Black resigns} 1-0

[Event "Team 45 45 League T32"]
[Site "Internet Chess Club"]
[Date "2007.02.20"]
[Round "5"]
[White "GoIrish"]
[Black "Rainbird"]
[Result "0-1"]
[WhiteElo "1639"]
[BlackElo "1777"]
[ECO "A07"]
[TimeControl "2700+45"]

1. Nf3 d5 2. g3 Bg4 3. Bg2 Nd7 4. O-O e6 5. d3 Bd6 6. Nbd2 Ne7 7. b3 c6 8. Bb2
e5 9. e4 d4 10. Nc4 Bc7 11. Qc1 b5 12. Qg5 Bxf3 13. Bxf3 bxc4 14. Qxg7 Ng6 15.
Bh5 Qf6 16. Qxf6 Nxf6 17. Bxg6 hxg6 18. bxc4 Bd6 19. Bc1 Rb8 20. f3 Kd7 21. Bd2
Bb4 22. Bg5 Be7 23. Rab1 Nh5 24. Bxe7 Kxe7 25. Rb3 Rb6 26. Rfb1 Rhb8 27. Kf2
Rxb3 28. cxb3 c5 29. a3 a5 30. Ke2 Nf6 31. h4 Ne8 32. Kd2 Nc7 33. Kc2 Na6 34.
Rb2 Rh8 35. Rb1 g5 36. Rh1 gxh4 37. gxh4 Nc7 38. h5 Ne6 39. Kd2 Rh6 40. b4 cxb4
41. axb4 axb4 42. Rb1 Rxh5 43. Rxb4 Rh2+ 44. Ke1 Nc5 45. Rb6 Nxd3+ 46. Kf1 Rf2+
47. Kg1 Rxf3 48. Rb7+ Kf6 49. Kg2 Rf2+ 50. Kg3 Rc2 51. Rb6+ Kg5 52. Rc6 Nb4 53.
Rc7 Kf6 54. Kg4 d3 55. c5 Ke6 56. Rc8 d2 57. Rd8 Nc6 58. Rd6+ Ke7 59. Kf5 Nd4+
60. Kxe5 Rxc5+ {White resigns} 0-1

[Event "Team 45 45 League T32"]
[Site "Internet Chess Club"]
[Date "2007.02.17"]
[Round "5"]
[White "six-killer"]
[Black "Grenadier"]
[Result "0-1"]
[WhiteElo "1722"]
[BlackElo "1762"]
[ECO "B13"]
[TimeControl "2700+45"]

1. e4 c6 2. d4 d5 3. exd5 cxd5 4. Bd3 Nc6 5. c3 Qc7 6. Bg5 e6 7. Bh4 Bd6 8. Qg4
g6 9. Nd2 Bd7 10. Qe2 Bxh2 11. Ngf3 Bd6 12. O-O-O f6 13. Rde1 O-O-O 14. Nf1 Re8
15. Qc2 e5 16. dxe5 fxe5 17. Ng5 e4 18. Bb5 Ne5 19. Bxd7+ Qxd7 20. Ne3 Nd3+ 21.
Kb1 Nxe1 22. Rxe1 Bf4 23. c4 d4 24. Nd5 d3 25. Qc3 Be5 26. Qc1 Ne7 27. Nf7 Nf5
28. Nxe5 Rxe5 29. Bf6 Rhe8 30. Bxe5 Rxe5 31. Nf6 Qd4 32. Qd2 e3 33. fxe3 Nxe3
34. Nxh7 Nxc4 35. Rc1 Re2 36. Qc3 Rxb2+ 37. Ka1 Qxc3 38. Rxc3 Rc2 {White
resigns} 0-1

[Event "Team 45 45 League T32"]
[Site "Internet Chess Club"]
[Date "2007.02.18"]
[Round "5"]
[White "chesskilleruk"]
[Black "Sir-Knightly"]
[Result "0-1"]
[WhiteElo "2299"]
[BlackElo "2423"]
[ECO "C01"]
[TimeControl "2700+45"]

1. e4 e6 2. d4 d5 3. exd5 exd5 4. c4 Bb4+ 5. Nc3 Ne7 6. Bd3 dxc4 7. Bxc4 O-O 8.
Ne2 Bg4 9. O-O Nbc6 10. Bg5 a6 11. Qd3 Qd7 12. a3 Bd6 13. b4 Rad8 14. h3 Bh5 15.
Bb3 b5 16. Rad1 Kh8 17. Rd2 f6 18. Be3 Bg6 19. Ne4 Bxe4 20. Qxe4 f5 21. Qh4 Ng6
22. Qh5 f4 23. Bc2 Nce7 24. Re1 fxe3 25. fxe3 a5 26. e4 axb4 27. e5 Bxe5 28.
axb4 Qd5 29. Qg4 Bd6 30. Nc3 Qc4 31. Ne4 Bxb4 {White resigns} 0-1

[Event "Team 45 45 League T32"]
[Site "Internet Chess Club"]
[Date "2007.02.18"]
[Round "5"]
[White "Allessia"]
[Black "JustinSane"]
[Result "1-0"]
[WhiteElo "2248"]
[BlackElo "2142"]
[ECO "C03"]
[TimeControl "2700+45"]

1. e4 e6 2. d4 d5 3. Nd2 Be7 4. e5 Nh6 5. Bd3 c5 6. c3 Nc6 7. Ndf3 cxd4 8. cxd4
Nf5 9. Ne2 f6 10. O-O O-O 11. Bxf5 exf5 12. Qb3 g5 13. Re1 Na5 14. Qd3 f4 15. e6
Qd6 16. Nc3 Bxe6 17. Qe2 Kf7 18. Nb5 Qd7 19. Nc7 Bf5 20. Nxa8 Rxa8 21. Bd2 Nc6
22. h3 Rh8 23. Qd1 Be4 24. Bc3 h5 25. Nd2 Bf5 26. Nb3 b6 27. Rc1 g4 28. h4 Be4
29. Nd2 f5 30. a4 Bxh4 31. b4 Qd6 32. b5 Nd8 33. Qb3 Ne6 34. Bb2 f3 35. Rc6 Qf4
36. Nxe4 fxe4 37. g3 Bxg3 38. Qxd5 Bxf2+ 39. Kf1 Re8 40. Qxh5+ Ke7 41. Ba3+ Kd7
42. Qd5+ {Black resigns} 1-0

[Event "Team 45 45 League T32"]
[Site "Internet Chess Club"]
[Date "2007.02.18"]
[Round "5"]
[White "The7thGuest"]
[Black "Ozgur-Bjk"]
[Result "1/2-1/2"]
[WhiteElo "2173"]
[BlackElo "2142"]
[ECO "D37"]
[TimeControl "2700+45"]

1. d4 d5 2. c4 e6 3. Nc3 Nf6 4. Nf3 Be7 5. e3 O-O 6. Bd3 dxc4 7. Bxc4 c5 8. O-O
a6 9. Re1 b5 10. Bb3 Bb7 11. Ne5 Nbd7 12. Nxd7 Qxd7 13. dxc5 Bxc5 14. Qxd7 Nxd7
15. e4 h6 16. Be3 Bxe3 17. Rxe3 Rfd8 18. Rd1 Nc5 19. f3 Nxb3 20. axb3 Rxd1+ 21.
Nxd1 Rd8 22. Nc3 Kf8 23. Kf2 Ke7 24. Ke2 b4 25. Na4 a5 26. Ke1 Ba6 27. Nc5 Bb5
28. Nb7 Ra8 29. e5 Bc6 30. Nd6 {Game drawn by mutual agreement} 1/2-1/2

[Event "Team 45 45 League T32"]
[Site "Internet Chess Club"]
[Date "2007.02.17"]
[Round "5"]
[White "GabGag"]
[Black "livis"]
[Result "1/2-1/2"]
[WhiteElo "2073"]
[BlackElo "2157"]
[ECO "A91"]
[TimeControl "2700+45"]

1. d4 e6 2. c4 f5 3. g3 Nf6 4. Bg2 Be7 5. Nc3 d6 6. e4 c6 7. f4 O-O 8. e5 Ng4 9.
h3 Nh6 10. Nf3 d5 11. cxd5 cxd5 12. O-O Nc6 13. a3 Na5 14. Rf2 Bd7 15. Bf1 Rc8
16. Rg2 a6 17. g4 g6 18. g5 Nf7 19. h4 Qb6 20. Be3 Nb3 21. Rb1 Nh8 22. h5 Na5
23. Nh4 Be8 24. Kf2 Nc4 25. Bxc4 Rxc4 26. Nf3 Qc7 27. Nd2 Rc6 28. Na4 b6 29. h6
Nf7 30. Kf3 Nd8 31. Nf1 Nb7 32. b4 Rc4 33. Ng3 Bf7 34. Rc1 Rc8 35. Rxc4 dxc4 36.
Nc3 a5 37. Rb2 axb4 38. axb4 b5 39. Kf2 Be8 40. d5 Bf8 41. d6 Qc6 42. Nge2 Nxd6
43. exd6 Qxd6 44. Qd4 Rd8 45. Rd2 Qxd4 46. Rxd4 Rb8 47. Na2 Kf7 48. Rd2 Rc8 49.
Bd4 Be7 50. Bc3 Ra8 51. Nd4 Bd6 52. Ne2 Bc7 53. Bd4 Ra3 54. Bc5 e5 55. fxe5 Bxe5
56. Bd4 Bc7 57. Nac3 Bc6 58. Bf6 Bb6+ 59. Bd4 Bc7 60. Ra2 Rxa2 61. Nxa2 Ke6 62.
Ke3 Bd8 63. Nf4+ Kf7 64. Bf6 Bb6+ 65. Kd2 Bc7 66. Ne2 f4 67. Nd4 Bd7 68. Nc3 Bd6
69. Ndxb5 Bxb4 70. Ke2 Bg4+ 71. Kf2 Bc5+ 72. Nd4 Ke8 73. Nd5 Kf7 74. Nxf4 c3 75.
Ke3 Bf5 76. Ne2 c2 77. Kf3 Ba3 {Game drawn by mutual agreement} 1/2-1/2

[Event "Team 45 45 League T32"]
[Site "Internet Chess Club"]
[Date "2007.02.20"]
[Round "5"]
[White "postalex"]
[Black "GUERRILLA"]
[Result "0-1"]
[WhiteElo "2214"]
[BlackElo "2381"]
[ECO "C42"]
[TimeControl "2700+45"]

1. e4 e5 2. Nf3 Nf6 3. Nxe5 d6 4. Nf3 Nxe4 5. Nc3 Nf6 6. d4 Be7 7. Bg5 Bf5 8.
Bd3 Bxd3 9. Qxd3 O-O 10. O-O-O Nc6 11. Rhe1 Re8 12. Bxf6 Bxf6 13. Rxe8+ Qxe8 14.
Nd5 Qd8 15. Qf5 Be7 16. Re1 g6 17. Qf4 Rc8 18. h4 Qf8 19. h5 Bd8 20. g4 Nb8 21.
g5 Nd7 22. Qg4 Nb6 23. Nf6+ Bxf6 24. gxf6 Re8 25. Rh1 Qh6+ 26. Kb1 Re6 27. Ng5
Rxf6 28. Re1 Qxh5 29. Re8+ Kg7 30. Qg1 Rxf2 31. a4 Re2 32. Ne4 Qh4 33. Nxd6 Rf2
34. Ne4 Rf4 35. Nc5 Rxd4 36. Qf1 Qf4 37. Qe1 Rd5 38. b4 Qd4 39. c3 Qd1+ 40. Qxd1
Rxd1+ 41. Kc2 Rf1 42. Re7 Rf2+ 43. Kb3 h5 44. Rxc7 h4 45. Rxb7 h3 46. Ne4 Rg2
47. a5 h2 48. axb6 h1=Q 49. bxa7 Qb1+ 50. Ka4 Ra2+ 51. Kb5 Qxe4 {White resigns}
0-1

[Event "Team 45 45 League T32"]
[Site "Internet Chess Club"]
[Date "2007.02.20"]
[Round "5"]
[White "NFork"]
[Black "KingDestroyer"]
[Result "1-0"]
[WhiteElo "2248"]
[BlackElo "2173"]
[ECO "D36"]
[TimeControl "2700+45"]

1. c4 e6 2. d4 d5 3. Nc3 Nf6 4. Bg5 c6 5. cxd5 exd5 6. Qc2 Be7 7. e3 O-O 8. Bd3
Nbd7 9. Nf3 Re8 10. O-O Nf8 11. Ne5 Ng4 12. Nxg4 Bxg4 13. Bf4 Bh5 14. Na4 Bg6
15. Rfc1 Bxd3 16. Qxd3 Ne6 17. Bg3 g6 18. Rab1 b5 19. Nc3 Qb6 20. Be5 Rad8 21.
b4 a5 22. a3 axb4 23. axb4 Ra8 24. e4 f6 25. exd5 fxe5 26. dxe6 Qxd4 27. Qxd4
exd4 28. Ne4 Rac8 29. Rd1 Red8 30. Rd3 Kg7 31. f4 Rd5 32. Ra1 Rc7 33. Rb1 Rd8
34. g4 Rf8 35. Rf1 Bxb4 36. f5 Be7 37. Rxd4 c5 38. Rd3 c4 39. Rdf3 gxf5 40. gxf5
Bf6 41. Rg3+ Kh8 42. Rd1 Be5 43. f6 Bxf6 44. Nxf6 Rg7 45. Rxg7 Kxg7 46. e7
{Black resigns} 1-0

[Event "Team 45 45 League T32"]
[Site "Internet Chess Club"]
[Date "2007.02.18"]
[Round "5"]
[White "syy89"]
[Black "bahus"]
[Result "0-1"]
[WhiteElo "2115"]
[BlackElo "1970"]
[ECO "C88"]
[TimeControl "2700+45"]

1. e4 e5 2. Nf3 Nc6 3. Bb5 a6 4. Ba4 Nf6 5. O-O Be7 6. Re1 b5 7. Bb3 O-O 8. a4
Bb7 9. d3 d6 10. Nbd2 Na5 11. Ba2 bxa4 12. Nf1 c5 13. Ne3 Qd7 14. Nf5 h6 15.
N3h4 Kh7 16. Qd2 Nc6 17. Re3 Ng8 18. Rg3 Bf6 19. Qe2 Nd4 20. Nxd4 cxd4 21. Nf5
g6 22. Nxh6 Nxh6 23. Rh3 Bg7 24. Qd2 Kg8 25. Rxh6 Bxh6 26. Qxh6 Qg4 27. Bg5 Qh5
28. Qxh5 gxh5 29. Be7 Rfc8 30. Bxd6 Rxc2 31. Bxe5 Rac8 32. g3 Rxb2 33. Bxd4 Rd2
{White resigns} 0-1

[Event "Team 45 45 League T32"]
[Site "Internet Chess Club"]
[Date "2007.02.18"]
[Round "5"]
[White "aksuw"]
[Black "azbycx"]
[Result "1/2-1/2"]
[WhiteElo "2076"]
[BlackElo "1975"]
[ECO "A09"]
[TimeControl "2700+45"]

1. Nf3 d5 2. c4 d4 3. c5 Nc6 4. Qa4 f6 5. b4 e5 6. e3 Bd7 7. b5 Nb8 8. exd4 exd4
9. Qxd4 Qe7+ 10. Qe3 Qxe3+ 11. fxe3 Bxc5 12. Bb2 a6 13. a4 axb5 14. axb5 Rxa1
15. Bxa1 Ne7 16. Nc3 O-O 17. Bc4+ Kh8 18. d4 Bd6 19. e4 Ng6 20. O-O Re8 21. Re1
Be6 22. Bxe6 Rxe6 23. Nd2 Nd7 24. Nc4 Bb4 25. Kf2 Kg8 26. Re3 Nb6 27. Nxb6 Rxb6
28. Nd5 Rxb5 29. Nxc7 Ra5 30. Nd5 Ra2+ 31. Re2 Rxa1 32. Nxb4 Rb1 33. Nd5 Kf8 34.
Rc2 Ne7 35. Nxe7 Kxe7 36. Rc7+ Kf8 37. e5 fxe5 38. dxe5 Rb5 39. e6 Re5 40. Rf7+
Kg8 41. Rxb7 Rxe6 42. g4 g5 {Game drawn by mutual agreement} 1/2-1/2

[Event "Team 45 45 League T32"]
[Site "Internet Chess Club"]
[Date "2007.02.15"]
[Round "5"]
[White "Skrups"]
[Black "kingcapture"]
[Result "0-1"]
[WhiteElo "2062"]
[BlackElo "2217"]
[ECO "B71"]
[TimeControl "2700+45"]

1. e4 c5 2. Nf3 d6 3. d4 cxd4 4. Nxd4 Nf6 5. Nc3 g6 6. f4 Nc6 7. Nxc6 bxc6 8. e5
Nd7 9. exd6 exd6 10. Be3 Be7 11. Qf3 d5 12. O-O-O O-O 13. h4 Nf6 14. Be2 h5 15.
Bd4 Bf5 16. Bxf6 Bxf6 17. g4 Bxg4 18. Qg3 Bxc3 19. Bxg4 Bxb2+ 20. Kxb2 Rb8+ 21.
Kc1 hxg4 22. Qxg4 Qa5 23. h5 Qa3+ 24. Kd2 Qb4+ 25. Kc1 Qb2+ 26. Kd2 Qd4+ 27. Kc1
Qe3+ 28. Rd2 Rb1+ 29. Kxb1 Qxd2 30. Rh3 Rb8+ 31. Rb3 Qe1+ 32. Kb2 Rxb3+ 33. axb3
Qe6 34. Qg5 Kg7 35. hxg6 Qxg6 36. Qe5+ Qf6 37. Kc3 Qxe5+ 38. fxe5 Kg6 39. Kd4
Kf5 40. b4 Ke6 41. c3 a6 42. Kc5 Kxe5 43. Kxc6 f5 44. Kb6 f4 45. Kxa6 f3 {White
resigns} 0-1

[Event "Team 45 45 League T32"]
[Site "Internet Chess Club"]
[Date "2007.02.17"]
[Round "5"]
[White "izit"]
[Black "ZombieRagozin"]
[Result "0-1"]
[WhiteElo "2138"]
[BlackElo "2144"]
[ECO "C59"]
[TimeControl "2700+45"]

1. e4 e5 2. Nf3 Nc6 3. Bc4 Nf6 4. Ng5 d5 5. exd5 Na5 6. Bb5+ c6 7. dxc6 bxc6 8.
Be2 h6 9. Nh3 g5 10. d3 Bg7 11. Nd2 O-O 12. Ne4 Nd5 13. c4 Ne7 14. g4 f5 15. Nc5
Nb7 16. Nxb7 Bxb7 17. O-O fxg4 18. Bxg4 c5 19. Bxg5 Qd6 20. Bxe7 Qxe7 21. f3
Rad8 22. Qe2 Qe8 23. f4 exf4 24. Qxe8 Bd4+ 25. Nf2 Rdxe8 26. Rfe1 Re3 27. Kf1
Kg7 28. Rad1 h5 29. Be6 Bf3 30. Rb1 Kh6 31. Ne4 Rxd3 32. Bd5 Rf5 33. Nf2 Rd2 34.
Re6+ Kg7 35. Ne4 Rxh2 36. Ke1 Rxd5 37. cxd5 Rh1+ 38. Kd2 Rxb1 39. d6 Rxb2+ 40.
Kc1 Rb7 41. Re7+ Rxe7 42. dxe7 Be3+ 43. Kb2 Kf7 44. Ng5+ Kxe7 45. Nxf3 Kf6 46.
Kc3 Kf5 47. Kd3 Kg4 48. Ke4 h4 49. a4 h3 50. a5 Kg3 51. a6 h2 52. Nxh2 Kxh2 53.
Kd5 {White resigns} 0-1

[Event "Team 45 45 League T32"]
[Site "Internet Chess Club"]
[Date "2007.02.18"]
[Round "5"]
[White "vaibhav"]
[Black "Psychokinetic"]
[Result "1-0"]
[WhiteElo "2272"]
[BlackElo "2052"]
[ECO "C61"]
[TimeControl "2700+45"]

1. e4 Nc6 2. Nf3 e5 3. Bb5 Nd4 4. Nxd4 exd4 5. c3 Qg5 6. Bf1 Bc5 7. d3 Qf6 8. c4
Ne7 9. Be2 O-O 10. O-O c6 11. f4 d5 12. Nd2 Qd6 13. a3 a5 14. b3 f6 15. Bb2 Ng6
16. g3 b5 17. cxb5 cxb5 18. exd5 Bh3 19. Re1 Rae8 20. Bf3 f5 21. Re2 Re3 22. Qc2
Rxe2 23. Bxe2 Nxf4 24. Bf3 Nxd5 25. b4 axb4 26. Qb3 Rd8 27. axb4 Bxb4 28. Bxd5+
Qxd5 29. Ra8 Kf7 30. Rxd8 {Black resigns} 1-0

[Event "Team 45 45 League T32"]
[Site "Internet Chess Club"]
[Date "2007.02.20"]
[Round "5"]
[White "f5"]
[Black "HomerSimpson"]
[Result "1-0"]
[WhiteElo "2285"]
[BlackElo "2241"]
[ECO "B00"]
[TimeControl "2700+45"]

1. e4 b6 2. d4 Bb7 3. Nc3 e6 4. Nf3 Bb4 5. Bd3 Nf6 6. Qe2 d5 7. exd5 Nxd5 8. Bd2
Nxc3 9. bxc3 Be7 10. h4 Nd7 11. O-O-O Nf6 12. c4 Ba3+ 13. Kb1 Qd6 14. Bc3 O-O-O
15. Ne5 Rhf8 16. f3 c5 17. d5 Qe7 18. Nc6 Bxc6 19. dxc6 Qc7 20. g4 Qxc6 21. f4
Rd4 22. Qe5 Rfd8 23. g5 Ne4 24. Bxd4 Rxd4 25. Bxe4 Qa4 26. Rd3 Rxc4 27. Ka1 Bb4
28. Rhd1 Rxe4 29. Rd8+ Kb7 30. Qxe4+ Ka6 31. Qd3+ b5 32. Qd6+ {Black resigns}
1-0

[Event "Team 45 45 League T32"]
[Site "Internet Chess Club"]
[Date "2007.02.20"]
[Round "5"]
[White "shyguy"]
[Black "trevor21"]
[Result "1-0"]
[WhiteElo "2364"]
[BlackElo "2165"]
[ECO "C06"]
[TimeControl "2700+45"]

1. e4 e6 2. d4 d5 3. Nd2 Nf6 4. e5 Nfd7 5. c3 c5 6. Bd3 Nc6 7. Ne2 cxd4 8. cxd4
f6 9. exf6 Nxf6 10. Nf3 Bd6 11. O-O O-O 12. Bf4 Bxf4 13. Nxf4 Ne4 14. Ne2 Ng5
15. Nxg5 Qxg5 16. f4 Qf6 17. Qd2 Bd7 18. Rad1 a6 19. Qc2 g6 20. Qc5 Qe7 21. Qxe7
Nxe7 22. Rc1 Rac8 23. Rxc8 Rxc8 24. Rc1 Rxc1+ 25. Nxc1 Nc6 26. Nb3 Kf7 27. a3
Ke7 28. Kf2 Kd6 29. Ke3 Kc7 30. g4 Kb6 31. Nc5 Bc8 32. h4 Kc7 33. g5 Kd6 34. h5
gxh5 35. Bxh7 Ke7 36. Na4 Bd7 37. Nb6 Be8 38. f5 exf5 39. Nxd5+ Kd6 40. Nf6 Ke7
41. Bxf5 Bf7 42. Ke4 Na5 43. Nd5+ Kd6 44. Ne3 Nb3 45. g6 Bg8 46. Bc8 Nd2+ 47.
Kf4 Kc7 48. Bh3 Kd6 49. Bg2 b5 50. Kg5 {Black resigns} 1-0